Map: Frozen Temple

Players

Amix

  • Race: Protoss Protoss
  • League: Platinum
  • Spawn Location: 5:00

Garen - Winner!

  • Race: Terran Terran
  • League: Gold
  • Spawn Location: 11:00

VOD

Have the link to the VOD?

Description

Time

  • Played on: Nov. 6, 2016, 11:55 a.m.
  • Length: 4:59
Show
View Real Time Build Order
Export as new Build Order

Amix Protoss 

Build Orders:  

Get SALT Encoding   

  12  0:01  Probe (Chrono Boost)  
  13  0:12  Probe (Chrono Boost)  
  14  0:20  Pylon  
  14  0:22  Probe (Chrono Boost)  
  15  0:38  Probe (Chrono Boost)  
  15  0:42  Gateway  
  17  0:50  Probe (Chrono Boost)  
  17  0:57  Assimilator  
  17  0:59  Assimilator  
  17  1:00  Probe (Chrono Boost)  
  18  1:11  Probe (Chrono Boost)  
  19  1:21  Probe (Chrono Boost)  
  20  1:34  Pylon  
  20  1:46  Zealot  
  22  1:47  Cybernetics Core  
  22  1:54  Pylon  
  22  1:55  Probe (Chrono Boost)  
  23  2:15  Pylon  
  23  2:17  Gateway  
  23  2:18  Gateway  
  23  2:21  Gateway  
  23  2:33  Probe (Chrono Boost)  
  24  2:46  Twilight Council  
  24  2:55  Pylon  
  24  3:04  Mothership Core  
  26  3:30  Gateway  
  26  3:42  Probe  
  25  3:54  Probe  
  26  3:56  Adept x3  
  20  4:23  Adept  
  8  4:47  Pylon  
Show
View Real Time Build Order
Export as new Build Order

Garen Terran - Winner!

Build Orders:  

Get SALT Encoding   

  12  0:01  SCV  
  13  0:14  SCV  
  14  0:26  SCV  
  15  0:31  Supply Depot  
  15  0:36  Refinery  
  15  0:52  SCV  
  15  0:55  Barracks  
  16  0:57  Supply Depot  
  16  1:04  SCV  
  17  1:16  Barracks  
  17  1:27  Barracks  
  17  1:37  SCV  
  18  1:46  Barracks Tech Lab  
  18  1:59  Orbital Command  
  18  2:05  Marauder  
  18  2:06  Concussive Shells  
  18  2:08  Marine  
  21  2:15  Marine  
  22  2:25  Marine  
  22  2:26  Marauder  
  22  2:29  Supply Depot  
  25  2:33  Marine  
  26  2:43  Marine  
  27  2:48  Marauder  
  27  2:50  Marine  
  30  2:53  SCV  
  31  3:01  Marine  
  32  3:08  Marine  
  32  3:09  Marauder  
  32  3:10  Supply Depot  
  35  3:14  Refinery  
  35  3:17  SCV  
  35  3:19  Marine  
  37  3:26  Marine  
  38  3:31  Marauder, SCV  
  41  3:37  Marine  
  42  3:44  Marine  
  42  3:53  Marauder  
  39  4:05  Marine x2  
  41  4:14  Marauder  
  41  4:23  Marine  
  42  4:26  Marine  
  42  4:28  SCV  
  44  4:36  Marauder  
  41  4:40  SCV  
  41  4:41  Marine  
  43  4:59  Command Center  
Tags
 
Add a new tag
Caveats
  • Supply blocks, unpowered buildings, or Contaminate may cause inaccurate times.
  • Supply counts are checked every 10 seconds.